| TOP OF THE 1ST |
|
Clemson University Tigers batting - Pitching for University of Illinois Fighting Illini : RHP Victor Altagracia
|
|
Pitching: RHP Victor Altagracia
|
|
|
Batting: LHB Mario Nunez
|
0-0: Ball 1-0: Ball 2-0: Ball 3-0: Called Strike 3-1: Called Strike 3-2: Foul Ball, location: 2F 3-2: Base on Balls
|
|
Batting: RHB Josh LeSage
|
0-0: SINGLE (Line Drive, 4MD, EV 98.1 MPH) Mario Nunez to second
|
|
Batting: RHB Marco Maggs
|
0-0: Ball 1-0: Called Strike 1-1: Ball 2-1: Foul Ball, location: 2F 2-2: Ball 3-2: Strikes out swinging
|
|
Batting: RHB David Rhodes
|
0-0: Called Strike 0-1: Fly out, F9 (Line Drive, 89M, EV 90.0 MPH)
|
|
Batting: LHB Steve Gates
|
0-0: Ball 1-0: Ball 2-0: Foul Ball, location: 2F 2-1: Foul Ball, location: 2F 2-2: Ball 3-2: Base on Balls Mario Nunez to third Josh LeSage to second
|
|
Batting: RHB Jason Duncan
|
0-0: Ball 1-0: Ball 2-0: Ball 3-0: Called Strike 3-1: Base on Balls Mario Nunez scores Josh LeSage to third Steve Gates to second
|
|
Batting: LHB George Jedinak
|
0-0: Ball 1-0: Ball 2-0: Foul Ball, location: 2F 2-1: Ball 3-1: Ground out 5-3 (Groundball, 56S, EV 90.6 MPH)
|
| Top of the 1st over - 1 run, 1 hit, 0 errors, 3 left on base; Clemson University 1 - University of Illinois 0 |
| BOTTOM OF THE 1ST |
|
University of Illinois Fighting Illini batting - Pitching for Clemson University Tigers : RHP John Turner
|
|
Pitching: RHP John Turner
|
|
|
Batting: SHB Dan Strickland
|
0-0: Ball 1-0: Called Strike 1-1: Swinging Strike 1-2: Foul Ball, location: 2F 1-2: Foul Ball, location: 2F 1-2: Strikes out looking
|
|
Batting: RHB Lance Borgen
|
0-0: Ball 1-0: Foul Ball, location: 2F 1-1: Fly out, F9 (Flyball, 9S, EV 94.4 MPH)
|
|
Batting: RHB Caleb Dean
|
0-0: Called Strike 0-1: Ball 1-1: Swinging Strike 1-2: Foul Ball, location: 2F 1-2: Foul Ball, location: 2F 1-2: DOUBLE (Line Drive, 8RD, EV 106.9 MPH)
|
|
Batting: RHB Roger Whitaker
|
0-0: Fly out, F7 (Flyball, 78M, EV 86.2 MPH)
|
| Bottom of the 1st over - 0 runs, 1 hit, 0 errors, 1 left on base; Clemson University 1 - University of Illinois 0 |
| TOP OF THE 2ND |
|
Clemson University Tigers batting - Pitching for University of Illinois Fighting Illini : RHP Victor Altagracia
|
|
Batting: RHB Jose Rolon
|
0-0: Called Strike 0-1: Fly out, F7 (Flyball, 78S, EV 90.0 MPH)
|
|
Batting: RHB Willis Suarez
|
0-0: Foul Ball, location: 2F 0-1: Called Strike 0-2: Strikes out looking
|
|
Batting: LHB Mario Nunez
|
0-0: Ball 1-0: Ball 2-0: Ball 3-0: Base on Balls
|
|
Batting: RHB Josh LeSage
|
0-0: Called Strike 0-1: Swinging Strike 0-2: Strikes out swinging
|
| Top of the 2nd over - 0 runs, 0 hits, 0 errors, 1 left on base; Clemson University 1 - University of Illinois 0 |
| BOTTOM OF THE 2ND |
|
University of Illinois Fighting Illini batting - Pitching for Clemson University Tigers : RHP John Turner
|
|
Batting: SHB Bernie Gallegos
|
0-0: Ball 1-0: Ball 2-0: Ground out 4-3 (Groundball, 4, EV 102.5 MPH)
|
|
Batting: RHB Damien Blot
|
0-0: DOUBLE (Flyball, 89D, EV 100.0 MPH)
|
|
Batting: LHB Matt Highfill
|
0-0: Ball 1-0: Foul Ball, location: 2F 1-1: Fly out, F7 (Flyball, 78M, EV 92.5 MPH)
|
|
Batting: LHB Mike Murphy
|
0-0: Ball 1-0: Called Strike 1-1: Ball 2-1: Fly out, F7 (Flyball, 7D, EV 105.6 MPH)
|
| Bottom of the 2nd over - 0 runs, 1 hit, 0 errors, 1 left on base; Clemson University 1 - University of Illinois 0 |
| TOP OF THE 3RD |
|
Clemson University Tigers batting - Pitching for University of Illinois Fighting Illini : RHP Victor Altagracia
|
|
Batting: RHB Marco Maggs
|
0-0: Ball 1-0: Swinging Strike 1-1: Ball 2-1: Ball 3-1: Base on Balls
|
|
Batting: RHB David Rhodes
|
0-0: Called Strike 0-1: Foul Ball, location: 2F 0-2: Ball 1-2: Fly out, F8 (Line Drive, 8RD, EV 89.4 MPH)
|
|
Batting: LHB Steve Gates
|
0-0: Ball 1-0: Foul Ball, location: 2F 1-1: Foul Ball, location: 2F 1-2: Fielders Choice at 2nd, 5-4 (Groundball, 56D, EV 91.2 MPH)
|
|
Batting: RHB Jason Duncan
|
0-0: Called Strike 0-1: Ball 1-1: Ball 2-1: Ball 3-1: Foul Ball, location: 2F 3-2: Strikes out swinging
|
| Top of the 3rd over - 0 runs, 0 hits, 0 errors, 1 left on base; Clemson University 1 - University of Illinois 0 |
| BOTTOM OF THE 3RD |
|
University of Illinois Fighting Illini batting - Pitching for Clemson University Tigers : RHP John Turner
|
|
Batting: RHB Hector Flores
|
0-0: Ball 1-0: Fly out, F4 (Popup, 34, EV 83.8 MPH)
|
|
Batting: SHB Dan Strickland
|
0-0: Foul Ball, location: 2F 0-1: Ground out 4-3 (Groundball, 4, EV 100.6 MPH)
|
|
Batting: RHB Lance Borgen
|
0-0: Called Strike 0-1: Called Strike 0-2: Strikes out looking
|
| Bottom of the 3rd over - 0 runs, 0 hits, 0 errors, 0 left on base; Clemson University 1 - University of Illinois 0 |
| TOP OF THE 4TH |
|
Clemson University Tigers batting - Pitching for University of Illinois Fighting Illini : RHP Victor Altagracia
|
|
Batting: LHB George Jedinak
|
0-0: Called Strike 0-1: Called Strike 0-2: Ball 1-2: Foul Ball, location: 2F 1-2: Foul Ball, location: 2F 1-2: Strikes out swinging
|
|
Batting: RHB Jose Rolon
|
0-0: Fly out, F7 (Flyball, 78D, EV 76.9 MPH)
|
|
Batting: RHB Willis Suarez
|
0-0: Foul Ball, location: 2F 0-1: SOLO HOME RUN (Flyball, 78XD, EV 109.4 MPH), Distance : 433 ft
|
|
Batting: LHB Mario Nunez
|
0-0: Ground out U3 (Groundball, 34, EV 107.5 MPH)
|
| Top of the 4th over - 1 run, 1 hit, 0 errors, 0 left on base; Clemson University 2 - University of Illinois 0 |
| BOTTOM OF THE 4TH |
|
University of Illinois Fighting Illini batting - Pitching for Clemson University Tigers : RHP John Turner
|
|
Batting: RHB Caleb Dean
|
0-0: Called Strike 0-1: DOUBLE (Flyball, 8RXD, EV 115.0 MPH)
|
|
Batting: RHB Roger Whitaker
|
0-0: Called Strike 0-1: Ball 1-1: Ground out U3 (Groundball, 3L, EV 80.0 MPH) Caleb Dean to third
|
|
Batting: SHB Bernie Gallegos
|
0-0: Called Strike 0-1: Ball 1-1: Called Strike 1-2: Strikes out swinging
|
|
Batting: RHB Damien Blot
|
0-0: Swinging Strike 0-1: Foul Ball, location: 2F 0-2: Ball 1-2: Strikes out swinging
|
| Bottom of the 4th over - 0 runs, 1 hit, 0 errors, 1 left on base; Clemson University 2 - University of Illinois 0 |
| TOP OF THE 5TH |
|
Clemson University Tigers batting - Pitching for University of Illinois Fighting Illini : RHP Victor Altagracia
|
|
Batting: RHB Josh LeSage
|
0-0: SINGLE (Line Drive, 9S, EV 106.9 MPH)
|
|
Batting: RHB Marco Maggs
|
0-0: Ball 1-0: Foul Ball, location: 2F 1-1: Foul Ball, location: 2F 1-2: Foul Ball, location: 2F 1-2: Strikes out swinging
|
|
Batting: RHB David Rhodes
|
0-0: Swinging Strike 0-1: Ball 1-1: Foul Ball, location: 2F 1-2: Ball 2-2: Ball 3-2: Foul Ball, location: 2F 3-2: Base on Balls Josh LeSage to second
|
|
Batting: LHB Steve Gates
|
0-0: Ball 1-0: Foul Ball, location: 2F 1-1: Ball 2-1: Called Strike 2-2: Fly out, F9 (Flyball, 9S, EV 84.4 MPH)
|
|
Batting: RHB Jason Duncan
|
0-0: Ball 1-0: Foul Ball, location: 2F 1-1: Foul Ball, location: 2F 1-2: DOUBLE (Line Drive, 7LM, EV 91.9 MPH) Josh LeSage scores David Rhodes to third
|
|
Batting: LHB George Jedinak
|
0-0: Ball 1-0: Foul Ball, location: 2F 1-1: Ball 2-1: Called Strike 2-2: Ball 3-2: SINGLE (Groundball, P, EV 88.8 MPH) (infield hit) David Rhodes scores Jason Duncan to third
|
|
Batting: RHB Jose Rolon
|
0-0: Foul Ball, location: 2F 0-1: Fly out, F8 (Flyball, 89M, EV 81.9 MPH)
|
| Top of the 5th over - 2 runs, 3 hits, 0 errors, 2 left on base; Clemson University 4 - University of Illinois 0 |
| BOTTOM OF THE 5TH |
|
University of Illinois Fighting Illini batting - Pitching for Clemson University Tigers : RHP John Turner
|
|
Pitching: LHP Salvatore Vasquez
|
|
|
Batting: LHB Matt Highfill
|
0-0: Ball 1-0: Called Strike 1-1: Called Strike 1-2: Ground out 3-1 (Groundball, 34, EV 83.8 MPH)
|
|
Batting: LHB Mike Murphy
|
0-0: Foul Ball, location: 2F 0-1: Ball 1-1: Ball 2-1: Swinging Strike 2-2: Fly out, F9 (Line Drive, 9, EV 87.5 MPH)
|
|
Batting: RHB Hector Flores
|
0-0: Called Strike 0-1: Fly out, F6 (Line Drive, 6, EV 61.2 MPH)
|
| Bottom of the 5th over - 0 runs, 0 hits, 0 errors, 0 left on base; Clemson University 4 - University of Illinois 0 |
| TOP OF THE 6TH |
|
Clemson University Tigers batting - Pitching for University of Illinois Fighting Illini : RHP Victor Altagracia
|
|
Pitching: RHP Bryan Schauman
|
|
|
Batting: RHB Willis Suarez
|
0-0: Ball 1-0: Ball 2-0: Ball 3-0: Called Strike 3-1: Base on Balls
|
|
Batting: LHB Mario Nunez
|
0-0: Swinging Strike 0-1: Ball 1-1: Fielders Choice at 2nd, 4-6 (Groundball, 4, EV 84.4 MPH)
|
|
Batting: RHB Josh LeSage
|
0-0: Fly out, F8 (Flyball, 8RM, EV 90.6 MPH)
|
|
Batting: RHB Marco Maggs
|
0-0: Fielders Choice at 2nd, U6 (Groundball, 6M, EV 92.5 MPH)
|
| Top of the 6th over - 0 runs, 0 hits, 0 errors, 1 left on base; Clemson University 4 - University of Illinois 0 |
| BOTTOM OF THE 6TH |
|
University of Illinois Fighting Illini batting - Pitching for Clemson University Tigers : LHP Salvatore Vasquez
|
|
Batting: SHB Dan Strickland
|
0-0: Swinging Strike 0-1: Ball 1-1: Ball 2-1: SINGLE (Line Drive, 8RS, EV 105.0 MPH)
|
|
Batting: RHB Lance Borgen
|
0-0: Ball 1-0: Ball 2-0: Called Strike 2-1: Ball 3-1: SINGLE (Groundball, 34D, EV 95.0 MPH) Dan Strickland to second Runner from 2nd tries for 3rd, SAFE, no throw by RF
|
|
Pitching: RHP Richard Clements
|
|
|
Batting: RHB Caleb Dean
|
0-0: Swinging Strike 0-1: Ball 1-1: Grounds into double play, 4-6-3 (Groundball, 34, EV 88.1 MPH) Dan Strickland scores
|
|
Batting: RHB Roger Whitaker
|
0-0: Foul Ball, location: 2F 0-1: Ball 1-1: Foul Ball, location: 2F 1-2: Ball 2-2: Strikes out looking
|
| Bottom of the 6th over - 1 run, 2 hits, 0 errors, 0 left on base; Clemson University 4 - University of Illinois 1 |
| TOP OF THE 7TH |
|
Clemson University Tigers batting - Pitching for University of Illinois Fighting Illini : RHP Bryan Schauman
|
|
Batting: RHB David Rhodes
|
0-0: Ball 1-0: Ball 2-0: Ball 3-0: Base on Balls
|
|
Batting: LHB Steve Gates
|
0-0: Ball 1-0: Ball 2-0: Ball 3-0: Called Strike 3-1: Fly out, F8 (Flyball, 8RD, EV 106.9 MPH)
|
|
Batting: RHB Jason Duncan
|
0-0: Ball 1-0: SINGLE (Groundball, 6D, EV 107.5 MPH) David Rhodes to second
|
|
Batting: LHB George Jedinak
|
0-0: Called Strike 0-1: SINGLE (Groundball, 34D, EV 103.1 MPH) David Rhodes to third Jason Duncan to second Runner from 3rd tries for Home, SAFE, throw by RF to home
|
|
Batting: RHB Jose Rolon
|
0-0: Ball 1-0: SINGLE (Groundball, 6MS, EV 96.2 MPH) Jason Duncan to third George Jedinak to second
|
|
Batting: RHB Willis Suarez
|
0-0: Ball Wild Pitch! Jason Duncan scores George Jedinak to third Jose Rolon to second 1-0: Foul Ball, location: 2F 1-1: Called Strike 1-2: Strikes out swinging
|
|
Batting: LHB Mario Nunez
|
0-0: Called Strike 0-1: Foul Ball, location: 2F 0-2: Ball 1-2: Fly out, F7 (Flyball, 7, EV 91.2 MPH)
|
| Top of the 7th over - 2 runs, 3 hits, 0 errors, 2 left on base; Clemson University 6 - University of Illinois 1 |
| BOTTOM OF THE 7TH |
|
University of Illinois Fighting Illini batting - Pitching for Clemson University Tigers : RHP Richard Clements
|
|
Pitching: RHP Gustavo Carena
|
|
|
Batting: SHB Bernie Gallegos
|
0-0: Foul Ball, location: 2F 0-1: Fly out, F8 (Flyball, 78M, EV 88.8 MPH)
|
|
Batting: RHB Damien Blot
|
0-0: Ground out 4-3 (Groundball, 4MD, EV 97.5 MPH)
|
|
Batting: LHB Matt Highfill
|
0-0: Ball 1-0: Foul Ball, location: 2F 1-1: Ball 2-1: Fly out, F8 (Flyball, 8LD, EV 106.2 MPH)
|
| Bottom of the 7th over - 0 runs, 0 hits, 0 errors, 0 left on base; Clemson University 6 - University of Illinois 1 |
| TOP OF THE 8TH |
|
Clemson University Tigers batting - Pitching for University of Illinois Fighting Illini : RHP Bryan Schauman
|
|
Batting: RHB Josh LeSage
|
0-0: Ball 1-0: Ball 2-0: Ball 3-0: Called Strike 3-1: Called Strike 3-2: Base on Balls
|
|
Pitching: RHP Ross Ledford
|
|
|
Batting: RHB Marco Maggs
|
0-0: Ball 1-0: Foul Ball, location: 2F 1-1: Ball 2-1: Swinging Strike 2-2: Strikes out swinging
|
|
Batting: RHB David Rhodes
|
0-0: Foul Ball, location: 2F 0-1: Foul Ball, location: 2F 0-2: Ball 1-2: Ball 2-2: Foul Ball, location: 2F 2-2: Ball 3-2: Strikes out swinging
|
|
Batting: LHB Steve Gates
|
0-0: Ball 1-0: Ball 2-0: Ball 3-0: Base on Balls Josh LeSage to second
|
|
Batting: RHB Jason Duncan
|
0-0: Ball 1-0: Called Strike 1-1: Ball 2-1: Ball 3-1: Base on Balls Josh LeSage to third Steve Gates to second
|
|
Batting: LHB George Jedinak
|
0-0: Foul Ball, location: 2F 0-1: Swinging Strike 0-2: Ball 1-2: Foul Ball, location: 2F 1-2: Strikes out swinging
|
| Top of the 8th over - 0 runs, 0 hits, 0 errors, 3 left on base; Clemson University 6 - University of Illinois 1 |
| BOTTOM OF THE 8TH |
|
University of Illinois Fighting Illini batting - Pitching for Clemson University Tigers : RHP Gustavo Carena
|
|
Batting: LHB Mike Murphy
|
0-0: Called Strike 0-1: TRIPLE (Line Drive, 8RXD, EV 102.5 MPH)
|
|
Batting: RHB Hector Flores
|
0-0: Ball 1-0: Foul Ball, location: 2F 1-1: Ball 2-1: Swinging Strike 2-2: Foul Ball, location: 2F 2-2: Strikes out looking
|
|
Batting: SHB Dan Strickland
|
0-0: Ball 1-0: Foul Ball, location: 2F 1-1: Ball 2-1: Ball 3-1: Foul Ball, location: 2F 3-2: SINGLE (Flyball, 8LS, EV 91.2 MPH) Mike Murphy scores
|
|
Pitching: RHP John Sweet
|
|
|
Batting: RHB Lance Borgen
|
0-0: Called Strike 0-1: Fly out, F7 (Flyball, 7LM, EV 95.6 MPH)
|
|
Batting: RHB Caleb Dean
|
0-0: Called Strike 0-1: Ball 1-1: Swinging Strike 1-2: Strikes out swinging
|
| Bottom of the 8th over - 1 run, 2 hits, 0 errors, 1 left on base; Clemson University 6 - University of Illinois 2 |
| TOP OF THE 9TH |
|
Clemson University Tigers batting - Pitching for University of Illinois Fighting Illini : RHP Ross Ledford
|
|
Batting: RHB Jose Rolon
|
0-0: Called Strike 0-1: Ball 1-1: Ground out 5-3 (Groundball, 56, EV 79.4 MPH)
|
|
Batting: RHB Willis Suarez
|
0-0: Hit by Pitch
|
|
Batting: LHB Mario Nunez
|
0-0: Called Strike 0-1: SINGLE (Groundball, 6S, EV 69.4 MPH) (infield hit) Willis Suarez to second
|
|
Batting: RHB Josh LeSage
|
0-0: Called Strike 0-1: Ball 1-1: Ball 2-1: Called Strike 2-2: Strikes out swinging
|
|
Batting: RHB Marco Maggs
|
0-0: Called Strike 0-1: Foul Ball, location: 2F 0-2: Ball 1-2: Ball 2-2: Ball 3-2: Foul Ball, location: 2F 3-2: Foul Ball, location: 2F 3-2: Base on Balls Willis Suarez to third Mario Nunez to second
|
|
Batting: RHB David Rhodes
|
0-0: Foul Ball, location: 2F 0-1: Ball 1-1: Ball 2-1: Ball 3-1: Called Strike 3-2: Foul Ball, location: 2F 3-2: Foul Ball, location: 2F 3-2: Foul Ball, location: 2F 3-2: Base on Balls Willis Suarez scores Mario Nunez to third Marco Maggs to second
|
|
Batting: LHB Steve Gates
|
0-0: Ball 1-0: Called Strike 1-1: Foul Ball, location: 2F 1-2: Ball 2-2: Strikes out looking
|
| Top of the 9th over - 1 run, 1 hit, 0 errors, 3 left on base; Clemson University 7 - University of Illinois 2 |
| BOTTOM OF THE 9TH |
|
University of Illinois Fighting Illini batting - Pitching for Clemson University Tigers : RHP John Sweet
|
|
Pitching: RHP George Garrett
|
|
|
Batting: RHB Roger Whitaker
|
0-0: Ball 1-0: Ball 2-0: Ball 3-0: Base on Balls
|
|
Batting: SHB Bernie Gallegos
|
0-0: Called Strike 0-1: Ball 1-1: Swinging Strike 1-2: Foul Ball, location: 2F 1-2: Foul Ball, location: 2F 1-2: Foul Ball, location: 2F 1-2: SINGLE (Groundball, 5D, EV 98.8 MPH) Roger Whitaker to second
|
|
Batting: RHB Damien Blot
|
0-0: Ball 1-0: Called Strike 1-1: Foul Ball, location: 2F 1-2: Strikes out swinging
|
|
Batting: LHB Matt Highfill
|
0-0: Ball 1-0: Called Strike 1-1: Foul Ball, location: 2F 1-2: Strikes out looking
|
|
Pitching: LHP Will West
|
|
|
Batting: LHB Mike Murphy
|
0-0: Swinging Strike 0-1: Called Strike 0-2: Ball 1-2: Strikes out swinging
|
| Bottom of the 9th over - 0 runs, 1 hit, 0 errors, 2 left on base; Clemson University 7 - University of Illinois 2 |
|